Map: Prion Terraces

Players

Jutso - Winner!

  • Race: Terran Terran
  • League: Diamond

Anzkiman

  • Race: Zerg Zerg

VOD

Have the link to the VOD?

Description

Time

  • Played on: Nov. 16, 2015, 11:39 a.m.
  • Length: 11:26
Show
View Real Time Build Order
Export as new Build Order

Jutso Terran - Winner!

Build Orders: Liberator Opening, Reaper Expand, MMM Bio 

Get SALT Encoding   

  12  0:01  SCV  
  13  0:13  SCV  
  14  0:17  Supply Depot  
  14  0:25  SCV  
  15  0:39  SCV  
  15  0:40  Barracks  
  16  0:45  Refinery  
  16  0:51  SCV  
  17  1:03  SCV  
  18  1:15  SCV  
  19  1:27  Orbital Command  
  19  1:28  Reaper  
  20  1:47  Command Center  
  20  1:55  Supply Depot  
  20  1:58  SCV  
  20  2:00  Reaper  
  21  2:10  SCV  
  21  2:13  Refinery  
  22  2:22  Factory  
  22  2:24  SCV  
  23  2:36  SCV  
  24  2:46  Barracks Reactor  
  24  2:48  SCV  
  25  3:00  SCV, Orbital Command  
  26  3:12  Starport  
  26  3:15  SCV  
  27  3:23  Orbital Command  
  28  3:30  Barracks Reactor, Hellion x2  
  31  3:39  Command Center  
  31  3:41  SCV  
  32  3:51  Hellion x2  
  32  3:53  SCV x2  
  38  3:56  Supply Depot  
  38  3:59  Liberator  
  38  4:00  Liberator  
  38  4:05  SCV  
  40  4:10  SCV  
  40  4:15  Marine  
  44  4:17  SCV  
  48  4:26  Supply Depot x2  
  48  4:27  SCV  
  48  4:30  Bunker  
  49  4:33  Widow Mine x2  
  49  4:37  Barracks Tech Lab  
  53  4:38  SCV  
  54  4:45  Refinery  
  54  4:47  SCV  
  55  4:53  Orbital Command  
  55  4:54  SCV  
  56  5:00  Stimpack, Marine  
  56  5:04  SCV  
  56  5:06  SCV  
  59  5:11  Refinery  
  59  5:12  Liberator  
  59  5:16  SCV  
  59  5:18  SCV x2  
  63  5:28  SCV  
  63  5:29  Widow Mine x2  
  63  5:30  SCV  
  69  5:42  SCV  
  69  5:44  Orbital Command  
  69  5:50  Barracks x3  
  69  5:51  Marauder  
  69  5:55  Barracks  
  71  5:57  Barracks  
  71  6:07  Medivac  
  71  6:10  SCV x3  
  76  6:12  Medivac  
  76  6:14  Supply Depot x2  
  78  6:19  Marauder  
  78  6:24  SCV x3  
  83  6:34  Engineering Bay x2  
  83  6:36  SCV x2, Supply Depot  
  83  6:38  Medivac  
  87  6:40  Barracks Reactor, Barracks Tech Lab  
  87  6:42  Barracks Reactor, Medivac  
  87  6:45  Factory Tech Lab  
  89  6:47  SCV  
  89  6:48  SCV x2  
  89  6:51  Marauder  
  89  6:53  Barracks Reactor  
  94  6:56  Barracks Reactor  
  94  7:01  Marauder  
  94  7:02  SCV x3  
  94  7:03  Terran Infantry Weapons Level 1, Terran Infantry Armor Level 1  
  94  7:07  Missile Turret  
  94  7:08  Missile Turret  
  99  7:11  Missile Turret  
  99  7:13  Missile Turret, Marine  
  99  7:14  SCV x2  
  99  7:15  Combat Shields  
  102  7:16  Marine  
  102  7:20  Supply Depot  
  102  7:21  Supply Depot  
  102  7:22  SCV, Marine  
  104  7:24  Marine  
  106  7:30  SCV x2  
  108  7:39  SCV  
  108  7:41  Marine x6  
  108  7:42  SCV  
  116  7:46  Siege Tank  
  116  7:48  Marine x4  
  116  7:49  Medivac  
  125  7:53  Supply Depot  
  125  7:55  Armory  
  125  7:57  SCV x2, Medivac  
  129  7:59  Supply Depot, Marine x2  
  129  8:00  Supply Depot  
  129  8:03  SCV  
  129  8:04  Marine x3  
  135  8:06  Marauder x2  
  135  8:09  SCV  
  140  8:13  Marine  
  140  8:14  Marine  
  140  8:19  Marine x2  
  142  8:26  Barracks  
  142  8:27  Barracks, Marine  
  142  8:28  Barracks, Marauder x2  
  142  8:32  Refinery  
  142  8:33  Refinery  
  147  8:35  Marine  
  148  8:46  Marine x3  
  151  8:49  Marauder x2  
  151  8:51  Marine x3  
  151  8:52  Siege Tank, Medivac  
  151  8:53  Medivac  
  165  9:10  Command Center, Supply Depot  
  165  9:12  Supply Depot  
  165  9:13  Marine  
  165  9:14  Marauder x2  
  168  9:23  Marine x4  
  165  9:35  Marauder x2  
  165  9:36  Marine x6  
  165  9:37  Siege Tank, Medivac  
  180  9:44  Marine  
  177  9:47  Marine  
  176  9:55  Marine  
  176  9:57  Marauder x2  
  177  10:04  Marine  
  177  10:05  Marine x2  
  177  10:06  Medivac  
  161  10:13  Marine x2  
  162  10:18  Marauder x2  
  162  10:19  Marine  
  166  10:23  Marine  
  166  10:25  Marine x2  
  166  10:26  Siege Tank, Marine  
  169  10:37  Marine  
  169  10:40  Marauder x2  
  170  10:45  Marine  
  170  10:48  Marine x9  
  180  10:55  Marine  
  181  11:01  Marauder x2  
  181  11:03  Marine  
  186  11:06  Marine x2  
Show
View Real Time Build Order
Export as new Build Order

Anzkiman Zerg 

Build Orders: Pool First 

Get SALT Encoding   

  12  0:02  Drone  
  13  0:15  Drone  
  14  0:28  Overlord  
  14  0:34  Spawning Pool  
  13  0:38  Drone  
  14  0:46  Extractor  
  14  0:47  Drone x2  
  15  0:57  Drone  
  16  1:12  Drone x2  
  18  1:21  Queen  
  18  1:23  Overlord  
  20  1:49  Hatchery  
  20  1:52  Drone  
  19  2:11  Zergling x2  
  19  2:12  Zergling x2  
  21  2:16  Drone  
  22  2:41  Queen  
  22  2:42  Drone x3  
  27  2:57  Hatchery  
  26  3:07  Lair  
  26  3:13  Drone x2  
  26  3:14  Drone  
  29  3:33  Drone x4  
  33  3:34  Overlord  
  33  3:40  Extractor  
  32  3:43  Evolution Chamber  
  32  3:44  Evolution Chamber  
  30  3:52  Drone x3  
  33  4:09  Drone x2  
  35  4:15  Overlord  
  35  4:16  Drone  
  35  4:17  Drone  
  37  4:18  Zerg Missile Weapons Level 1  
  37  4:23  Roach Warren  
  36  4:25  Drone x2  
  38  4:49  Spine Crawler  
  38  4:50  Drone x3  
  38  4:51  Overlord, Drone  
  40  5:01  Zergling x4  
  40  5:03  Roach x3  
  40  5:04  Overlord  
  48  5:11  Extractor  
  48  5:13  Extractor  
  46  5:16  Roach x3  
  52  5:28  Roach  
  52  5:29  Roach  
  56  5:42  Drone x2  
  57  5:48  Drone x5, Overlord  
  62  5:50  Spore Crawler  
  62  5:52  Spore Crawler  
  60  5:57  Zerg Ground Armor Level 1  
  60  6:04  Spire, Ravager  
  60  6:05  Ravager x2  
  60  6:07  Drone  
  63  6:12  Drone x3  
  63  6:17  Queen  
  68  6:27  Drone x5  
  73  6:36  Ravager  
  74  6:49  Overlord x2  
  74  6:51  Zerg Missile Weapons Level 2  
  74  7:00  Infestation Pit  
  73  7:03  Spore Crawler  
  73  7:04  Drone x2  
  73  7:05  Overlord x3  
  73  7:07  Overseer  
  74  7:11  Ravager x2  
  74  7:12  Ravager  
  74  7:14  Ravager  
  78  7:18  Drone x3  
  78  7:22  Corruptor  
  83  7:30  Drone  
  83  7:31  Drone x2  
  83  7:32  Drone x2, Overlord x2, Extractor x2  
  80  7:55  Drone x6  
  86  8:04  Roach x7  
  86  8:05  Roach  
  100  8:27  Drone x7  
  109  8:34  Ravager x7  
  114  8:54  Corruptor x2  
  114  8:55  Hatchery  
  117  8:59  Drone  
  118  9:10  Spine Crawler  
  111  9:29  Drone  
  110  9:35  Roach  
  110  9:36  Roach x9  
  123  9:47  Spine Crawler  
  119  9:54  Drone  
  85  10:11  Drone  
  85  10:12  Zergling x8  
  85  10:13  Zergling x6  
  78  10:20  Zergling x2  
  78  10:21  Drone  
  80  10:35  Hatchery  
  78  10:37  Drone x4  
  80  10:48  Hatchery  
Tags
 
Add a new tag
Caveats
  • Supply blocks, unpowered buildings, or Contaminate may cause inaccurate times.
  • Supply counts are checked every 10 seconds.